← All builds
Front / Legion / Economy first / OBSERVED BUILD

Standard front

Legion Front build order · Supreme Isthmus

Builds a Legion Vehicle Plant immediately, fights with Lance and Barrage toward middle, and takes an Advanced Metal Extractor around 9:22 as the standard eco-first Front play.

#eco · 56 distinct matches · 24 players · 81% of Legion Front games · team won 58% of 59 · Recently observed

HOW TO PLAY IT

Key timing: Legion Vehicle Plant by 0:55

  1. Take mex and wind, then rush Legion Vehicle Plant immediately.
  2. Finish Legion Vehicle Plant fast to start Barrage and Lance.
  3. Send first units to the coast to stop leaks, not middle.
  4. Push Barrage and Lance to the coast line before moving to mid.
  5. Add Advanced Metal Extractor and keep mixed vehicle army flowing.

Phase by phase

TYPICAL OF ITS 56 GAMES
  1. 1
  2. 2
  3. 3
PLAY THE OPENING

Follow the example game's first 6:00 step by step: what to build now, what comes next, and where it goes. At 1× it keeps pace with your own game.

  1. 1

    Up to the Legion Vehicle Plant

    Economy
    • Metal Extractor2Mex
    • Wind Turbine1Wind
    Order
    1. Legion Vehicle PlantLegion Vehicle Plant after 2 mex, 1 winddone ~0:47, middle half 0:37–0:55

    By 0:24 in all: 2 mex · 1 wind

    The example game in this phase · 2 steps
    1. Mex ×2
    2. Legion Vehicle PlantLegion Vehicle Plantdone 0:37 · typical 0:47
  2. 2

    Legion Vehicle Plant to 5:00

    Economy
    • Metal Extractor4Mex
    • Wind Turbine7Wind
    Builders
    • Legion Construction Vehicle2 Legion Construction Vehicle
    Army
    • Pharos3 Pharos
    • Wheelie3 Wheelie
    • Lance3 Lance
    • Barrage2 Barrage

    Some games also: Decurion (47%) · con turret (41%) · Radar Tower (37%)

    By 5:00 in all: 6 mex · 8 wind

    The example game in this phase · 32 steps
    1. WheelieWheelie
    2. Wind
    3. WheelieWheelie
    4. Wind
    5. WheelieWheelie
    6. Mex
    7. WheelieWheelie
    8. DecurionDecurion
    9. AlarisAlaris
    10. Legion Construction VehicleLegion Construction Vehicle
    11. AlarisAlaris
    12. Legion Construction VehicleLegion Construction Vehicle ×2
    13. AlarisAlaris
    14. Mex
    15. AlarisAlaris
    16. Mex
    17. AlarisAlaris
    18. PharosPharos
    19. Legion Construction VehicleLegion Construction Vehicle
    20. Mex
    21. Legion Construction VehicleLegion Construction Vehicle
    22. PharosPharos ×2for Pond
    23. DecurionDecurion
    24. PharosPharosfor Pond
    25. BarrageBarrage
    26. Wind ×2
    27. BarrageBarrage
    28. Wind ×2
    29. BarrageBarrage
    30. Wind ×2
    31. DecurionDecurion
    32. Wind ×2
  3. 3

    5:00 to 10:00

    Economy
    • Metal Extractor1Mex
    • Wind Turbine17Wind
    Builders
    • Construction Turret1 Con turret
    Army
    • Pharos2 Pharos
    • Lance3 Lance

    Some games also: Decurion (46%) · Legion Construction Vehicle (46%) · energy storage (42%) · Radar Tower (41%) · Barrage (39%)

    By 10:00 in all: 7 mex · 24 wind · 1 energy storage · 2 con turret

    The example game in this phase · 132 steps
    1. BarrageBarrage
    2. Wind ×2
    3. BarrageBarrage
    4. Wind
    5. BarrageBarrage
    6. Wind ×2
    7. DecurionDecurion
    8. Wind ×2
    9. Legion Construction VehicleLegion Construction Vehicle
    10. Wind
    11. Legion Construction VehicleLegion Construction Vehicle
    12. Wind
    13. BarrageBarrage
    14. Wind ×2
    15. Legion Construction VehicleLegion Construction Vehicle
    16. Wind
    17. Energy storage
    18. Legion Construction VehicleLegion Construction Vehicle
    19. Wind ×3
    20. BarrageBarrage
    21. Wind ×2
    22. Legion Construction VehicleLegion Construction Vehicle
    23. Wind ×3
    24. DecurionDecurion
    25. Wind ×3
    26. NyxNyx
    27. LanceLance
    28. Wind ×2
    29. LanceLance
    30. Wind ×2
    31. LanceLance
    32. Wind
    33. LanceLance
    34. Wind ×3
    35. LanceLance
    36. Wind ×3
    37. DecurionDecurion
    38. Wind
    39. Con turret
    40. Wind ×3
    41. Legion Construction VehicleLegion Construction Vehicle
    42. Con turret
    43. Wind ×3
    44. Mex
    45. Wind
    46. LanceLance
    47. Converter
    48. Wind
    49. LanceLance
    50. Advanced Metal ExtractorT2 mexdone 11:22 · typical 9:13
    51. Wind
    52. Converter
    53. Wind ×2
    54. Converter
    55. Wind
    56. WheelieWheelie
    57. Converter
    58. Wind
    59. WheelieWheelie ×2
    60. Wind
    61. Converter
    62. Wind
    63. WheelieWheelie ×2
    64. Wind
    65. Converter
    66. Wind
    67. Advanced Metal ExtractorT2 mex
    68. WheelieWheelie ×3
    69. Converter
    70. Wind ×2
    71. WheelieWheelie ×2
    72. Wind ×2
    73. Converter
    74. WheelieWheelie ×3
    75. Wind
    76. WheelieWheelie
    77. Wind
    78. Converter
    79. Advanced Metal ExtractorT2 mex
    80. WheelieWheelie ×2
    81. Wind ×2
    82. WheelieWheelie
    83. Converter
    84. WheelieWheelie
    85. Wind
    86. LanceLance
    87. Converter
    88. Wind
    89. LanceLance
    90. Converter
    91. Wind ×2
    92. LanceLance
    93. Wind
    94. WheelieWheelie
    95. Wind
    96. LanceLance
    97. Wind
    98. Fusion ReactorFusionnot finished by 15:00
    99. Wind
    100. LanceLance
    101. Wind ×2
    102. Mex
    103. Legion Construction VehicleLegion Construction Vehicle
    104. Advanced Metal ExtractorT2 mex
    105. Wind ×4
    106. Legion Construction VehicleLegion Construction Vehicle
    107. Wind ×5
    108. Con turret
    109. Wind ×6
    110. Legion Construction VehicleLegion Construction Vehicle
    111. Wind ×3
    112. Con turret
    113. Advanced Metal ExtractorT2 mex
    114. Wind ×5
    115. WheelieWheelie
    116. Wind
    117. WheelieWheelie
    118. Wind ×2
    119. WheelieWheelie
    120. ArbalestArbalest
    121. Pit BullPit Bull
    122. WheelieWheelie
    123. Wind ×3
    124. WheelieWheelie
    125. Wind ×2
    126. WheelieWheelie
    127. Wind ×2
    128. WheelieWheelie
    129. Wind
    130. Con turret
    131. Wind ×2
    132. WheelieWheelie

Counts are medians over the build's games: half of them build more, half fewer. The example game is JesterB's (33 OS, 24/09/2026); pick another.

Team trades

IN AT LEAST 30% OF ITS GAMES

You hand over

Nothing regular.

You get

  • Tidal Generator4 Tidal from Pondfirst at 0:15 · in 39% of games
  • Tidal Generator4 Tidal from Pondfirst at 0:17 · in 34% of games
  • Advanced Construction Bot1 T2 con bot from Geo or Techfirst at 7:21 · in 46% of games

How it plays out

Typical game of this build, running totals by minute

Metal produced

010k20k30k
0:005:0010:0015:00

metal

Enemy metal destroyed

02.5k5k7.5k
0:005:0010:0015:00

metal

Own metal lost

05k10k
0:005:0010:0015:00

metal

59 games.

Show as table
ByMetal produced: This buildEnemy metal destroyed: This buildOwn metal lost: This build
1:0033000
2:008382123
3:0016389369
4:002737275204
5:003791660400
6:0049471490930
7:00609523701439
8:00734930131961
9:00889037552931
10:001041143813770
11:001252947474213
12:001457657794939
13:001624661086040
14:001891267966680
15:002093572128266
WHAT THE NUMBERS SAY

Standard front play, won more often than the other front position's economy-first build with less metal produced.

  • + Won 59% of games despite producing less metal than Geo sea's build.
  • − Loses more metal early than it destroys (333 lost vs 602 destroyed by 5:00 is the only positive window).
THE EXAMPLE YOU ARE READING

JesterB

32.5 OS · 24/09/2026

Open source match ↗

5 received units · includes a constructor
54 metal received · 29468 energy received

Allied construction assistance is unknown. Timings are observations, not a promise of solo reproducibility.

Typical milestones

Legion Vehicle Plant0:47Middle 50%: 0:37–0:55 · n=42
Advanced Metal Extractor9:13Middle 50%: 8:38–10:20 · n=39

Played most by

Hummell13games of this buildXuunnY8games of this buildXXMACGAMERXX5games of this build[Crd]Atlas4games of this buildTheGeneraI3games of this build